 Dungeon Crawl Stone Soup version 0.23.2-1-ga50397a6bc (webtiles) character file.

Game seed: 11678429597968338172

1586 Jaijje the Insei (level 8, -15/62 (63) HPs)
             Began as a Merfolk Transmuter on May 19, 2019.
             Was a Believer of Uskayaw.
             Demolished by an orc warrior
             ... wielding a +1 long sword of flaming
              (22 damage)
             ... on level 8 of the Dungeon.
             The game lasted 00:18:53 (7581 turns).

Jaijje the Insei (Merfolk Transmuter)               Turns: 7581, Time: 00:18:54

HP:   -15/62 (63)   AC:  2    Str: 13    XL:     8   Next: 92%
MP:   10/13         EV: 21    Int: 12    God:    Uskayaw [**....]
Gold: 386           SH:  5    Dex: 19    Spells: 10/14 levels left

rFire    + . .     SeeInvis .     - Unarmed
rCold    . . .     Gourm    .   (shield currently unavailable)
rNeg     . . .     Faith    .   (armour currently unavailable)
rPois    x         Spirit   .   (helmet currently unavailable)
rElec    .         Reflect  +   (cloak currently unavailable)
rCorr    .         Harm     .   (gloves currently unavailable)
MR       .....     Rnd*Tele +   (boots currently unavailable)
Stlth    ++........             g - +5 amulet of reflection
HPRegen  0.20/turn              q - ring of protection from fire
MPRegen  0.13/turn              t - ring of teleportation (curse)

@: spider-form, very slightly contaminated
A: tiny, (change form in water), (swift swim), (stealthy swim)
a: End Transformation, Stomp, Line Pass, Renounce Religion


You were on level 8 of the Dungeon.
You worshipped Uskayaw.
Uskayaw was noncommittal.
You were not hungry.
You were a venomous arachnid creature.
You visited 2 branches of the dungeon, and saw 9 of its levels.

You collected 386 gold pieces.

Inventory:

Missiles
 a - 101 arrows
 o - 7 javelins of penetration (quivered)
Armour
 b - a +0 robe
 e - a +0 leather armour
 h - a cursed +1 robe (melded)
 i - a +2 buckler
 j - a +0 cloak (melded)
 w - a +0 leather armour of poison resistance
Jewellery
 g - a +5 amulet of reflection (around neck)
 q - a ring of protection from fire (left front leg)
 r - an uncursed ring of stealth
 t - a cursed ring of teleportation (right front leg)
Wands
 f - a wand of polymorph (17)
Scrolls
 c - 3 scrolls of identify
 m - 6 scrolls of teleportation
 s - a scroll of fear {unknown}
Potions
 k - a potion of resistance {unknown}
 l - 3 potions of lignification
 n - 2 potions of degeneration
 u - 2 potions of mutation {unknown}
 v - 2 potions of agility {unknown}
 x - a potion of heal wounds {unknown}
 z - a potion of might {unknown}
 A - a potion of cancellation {unknown}
Comestibles
 d - 7 rations


   Skills:
 + Level 5.5 Fighting
 + Level 2.5 Armour
 - Level 2.6 Dodging
 * Level 7.7 Unarmed Combat
 - Level 3.7 Spellcasting
 - Level 7.1 Transmutations


You had 10 spell levels left.
You knew the following spells:

 Your Spells              Type           Power        Failure   Level  Hunger
a - Beastly Appendage     Tmut           ###...       6%          1    #......
b - Spider Form           Tmut/Pois      ##........   34%         3    ###....

Your spell library contained the following spells:

 Spells                   Type           Power        Failure   Level  Hunger
 Sticks to Snakes         Tmut           ###.....     8%          2    ##.....
 Blade Hands              Tmut           ###.......   54%         5    ######.
 Ice Form                 Ice/Tmut       ##......     67%         4    #####..


Dungeon Overview and Level Annotations

Branches:
Dungeon (8/15)             Temple (1/1) D:4
   Lair: D:8-11

Altars:
Cheibriados
Dithmenos
Elyvilon
Fedhas
Gozag
Hepliaklqana
Kikubaaqudgha
Makhleb
Nemelex Xobeh
Qazlal
Ru
Sif Muna
Trog
Uskayaw
Vehumet
Wu Jian
Xom
Yredelemnul
Zin
The Shining One

Shops:
D:5 %

Annotations:
D:6 2 transporters, Alannah's ghost, novice DsGl


Message History

The bullfrog is moderately wounded.
The iguana barely misses you. The bullfrog misses you.
The shadow imp hits you but does no damage.
You bite the bullfrog!
The bullfrog is almost dead.
The orc warrior misses you. The bullfrog hits you. The iguana bites you.
* * * LOW HITPOINT WARNING * * *
You can now pass through a line of other dancers.
You hit the orc warrior.
The orc warrior is poisoned.
The orc warrior is moderately wounded.
You block the bullfrog's attack. The shadow imp barely misses you.
The iguana bites you!
* * * LOW HITPOINT WARNING * * *
The orc warrior misses you. The bullfrog barely misses you.
You barely miss the orc warrior.
The orc warrior is moderately wounded.
The shadow imp completely misses you. The iguana misses you.
The bullfrog misses you.
The orc warrior hits you with a +1 long sword of flaming!!
You die...

# ...
#...####
#.lls#
#..o5F.....#
#....Z.......
#............
#............
##......%...#
##...##...##
##### ####


You could see an orc warrior, a bullfrog, 2 iguanas, a shadow imp and a centaur
skeleton.

Vanquished Creatures
  Grinder (D:5)
  Sigmund (D:4)
  Edmund (D:4)
  A sky beast (D:6)
  A phantom (D:5)
  2 ogres (D:5)
  A centaur (D:6)
  3 bullfrogs
  A scorpion (D:4)
  A crimson imp (D:6)
  2 hounds (D:4)
  A jelly (D:6)
  2 worker ants
  2 hound skeletons
  2 worker ant zombies (D:5)
  4 gnolls (D:4)
  6 adders
  A shadow imp (D:6)
  2 adder skeletons (D:5)
  A worm (D:4)
  3 dart slugs
  3 leopard geckos
  10 orcs
  4 giant cockroaches
  7 goblins
  20 hobgoblins
  13 jackals
  A quokka (D:4)
  2 ball pythons
  7 bats
  9 frilled lizards
  12 kobolds
  A leopard gecko skeleton (D:4)
  A quokka skeleton (D:7)
  A quokka zombie (D:6)
  4 rats
134 creatures vanquished.

Notes
Turn   | Place    | Note
-------+----------+-------------------------------------------
     0 | D:1      | Jaijje the Merfolk Transmuter began the quest for the Orb.
     0 | D:1      | Reached XP level 1. HP: 15/15 MP: 3/3
   248 | D:1      | Reached XP level 2. HP: 21/21 MP: 3/5
   662 | D:1      | Reached XP level 3. HP: 25/26 MP: 4/6
  1578 | D:2      | Reached XP level 4. HP: 11/33 MP: 7/7
  2455 | D:3      | Learned a level 3 spell: Spider Form
  3244 | D:4      | Reached XP level 5. HP: 22/39 MP: 6/9
  3335 | D:4      | Reached skill level 5 in Transmutations
  3892 | D:4      | Reached XP level 6. HP: 23/46 MP: 8/10
  4507 | D:4      | Found a staircase to the Ecumenical Temple.
  4796 | D:4      | Noticed Sigmund
  4808 | D:4      | Killed Sigmund
  4808 | D:4      | Reached XP level 7. HP: 52/52 MP: 4/12
  4898 | D:4      | Noticed Edmund
  4913 | D:4      | Killed Edmund
  4913 | D:4      | Reached skill level 5 in Unarmed Combat
  5244 | D:5      | Entered Level 5 of the Dungeon
  5288 | D:5      | Found Goskaeg's Food Emporium.
  5307 | D:5      | Reached XP level 8. HP: 60/60 MP: 9/13
  5323 | D:5      | Reached skill level 1 in Armour
  5575 | D:5      | Noticed Grinder
  5601 | D:5      | Killed Grinder
  5961 | Temple   | Entered the Ecumenical Temple
  6112 | Temple   | Became a worshipper of Uskayaw the Reveler
  6173 | D:6      | Reached * piety under Uskayaw
  6183 | D:5      | Reached ** piety under Uskayaw
  6185 | D:5      | Reached skill level 5 in Fighting
  7028 | D:6      | Found a transporter.
  7029 | D:6      | Found a transporter.
  7030 | D:6      | Noticed Alannah's ghost (novice DsGl)
  7581 | D:8      | Demolished by an orc warrior

Skill      XL: |  1  2  3  4  5  6  7  8 |
---------------+-------------------------+-----
Transmutations | 3 4 5 6 7 |  7.1
Fighting       | 2 3 4 5 |  5.5
Unarmed Combat | 4 5 7 |  7.7
Spellcasting   | 3 |  3.7
Armour         | 2 |  2.5
Dodging        | |  2.6

Action                   |  1- 3 |  4- 6 |  7- 9 || total
-------------------------+-------+-------+-------++-------
Melee: Unarmed           |   124 |   254 |   147 ||   525
       Headbutt          |    10 |    28 |    26 ||    64
       Punch             |     2 |     3 |     1 ||     6
 Cast: Beastly Appendage |    20 |    35 |    23 ||    78
       Spider Form       |       |     3 |     5 ||     8
  Use: Scroll            |       |     7 |     3 ||    10
       Potion            |       |       |     1 ||     1
 Stab: Sleeping          |       |     8 |       ||     8
       Distracted        |       |     1 |       ||     1
  Eat: Chunk             |     2 |    11 |     5 ||    18
       Ration            |       |       |     2 ||     2
Armor: Robe              |    16 |    31 |    21 ||    68
       Leather armour    |    16 |       |       ||    16
       Skin              |       |       |     2 ||     2
Dodge: Dodged            |    97 |   128 |    81 ||   306
Block: Other             |       |    47 |    34 ||    81
       Reflection        |       |       |     2 ||     2
